Map: Lightshade LE

Players

LiquidMaNa (MaNa) - Winner!

  • Race: Protoss Protoss
  • League: Grandmaster
  • Spawn Location: 11:00

Ziggy

  • Race: Terran Terran
  • Spawn Location: 5:00

Event: DreamHack SC2 Masters 2020 Winter

VOD

Have the link to the VOD?

Description

Time

  • Played on: Oct. 21, 2020, 12:37 p.m.
  • Length: 8:24

All games in this series

Show
View Real Time Build Order
Export as new Build Order

LiquidMaNa Protoss - Winner!

Build Orders: 1 Gate Expand, Oracle Opening, Phoenix Opening, Colossus Rush 

Get SALT Encoding   

  12  0:00  Probe  
  13  0:12  Probe  
  14  0:17  Pylon  
  14  0:24  Probe (Chrono Boost)  
  15  0:35  Gateway  
  15  0:36  Probe (Chrono Boost)  
  16  0:44  Probe (Chrono Boost)  
  16  0:48  Assimilator  
  17  0:51  Probe  
  18  1:03  Probe  
  19  1:15  Probe  
  20  1:22  Cybernetics Core  
  20  1:38  Nexus  
  20  1:42  Pylon  
  20  1:48  Probe  
  20  1:50  Assimilator  
  21  1:56  Adept (Chrono Boost)  
  21  2:00  Probe  
  24  2:13  Probe  
  25  2:19  Stargate  
  25  2:25  Probe  
  25  2:27  Adept  
  29  2:37  Probe  
  29  2:46  Warp Gate  
  29  2:49  Probe  
  29  2:50  Probe  
  31  2:57  Adept  
  33  3:01  Probe  
  33  3:02  Probe  
  33  3:03  Oracle (Chrono Boost)  
  38  3:13  Probe  
  38  3:15  Probe  
  40  3:25  Probe  
  40  3:27  Gateway, Probe  
  42  3:32  Phoenix (Chrono Boost)  
  44  3:37  Probe  
  44  3:39  Probe  
  44  3:40  Pylon  
  46  3:43  Robotics Facility  
  46  3:48  Assimilator  
  46  3:50  Assimilator  
  46  3:58  Probe  
  47  4:10  Probe  
  47  4:11  Probe  
  49  4:18  Pylon  
  49  4:22  Probe  
  49  4:23  Probe  
  51  4:34  Sentry  
  51  4:37  Robotics Bay, Probe x2  
  51  4:38  Shield Battery, Immortal  
  59  4:39  Gateway  
  59  4:43  Pylon  
  59  4:49  Probe x2  
  61  5:02  Sentry x2  
  61  5:03  Probe  
  61  5:04  Shield Battery  
  61  5:05  Pylon  
  66  5:17  Pylon  
  66  5:19  Gateway  
  66  5:20  Pylon  
  66  5:24  Colossus (Chrono Boost)  
  66  5:26  Zealot x2  
  74  5:35  Zealot  
  76  5:39  Pylon  
  76  5:46  Stalker  
  76  5:47  Stalker, Extended Thermal Lance (Chrono Boost)  
  76  5:48  Probe x2  
  82  6:12  Colossus (Chrono Boost)  
  82  6:15  Nexus  
  82  6:18  Twilight Council  
  87  6:26  Probe x2  
  87  6:31  Nexus  
  87  6:32  Forge, Pylon  
  89  6:38  Zealot x2  
  91  6:40  Probe  
  91  6:41  Probe  
  91  6:44  Sentry x2  
  97  6:54  Warp Prism (Chrono Boost)  
  97  6:57  Probe x2  
  101  7:04  Pylon  
  101  7:05  Pylon  
  101  7:09  Probe x2  
  103  7:21  Probe x2  
  105  7:25  Zealot x2  
  105  7:26  Zealot  
  105  7:27  Zealot  
  113  7:34  Probe  
  108  7:50  Stalker x4  
  116  7:52  Probe x3  
  110  8:14  Zealot x4  
Show
View Real Time Build Order
Export as new Build Order

Ziggy Terran 

Build Orders: Reaper Expand 

Get SALT Encoding   

  12  0:00  SCV  
  13  0:12  SCV  
  14  0:16  Supply Depot  
  14  0:24  SCV  
  15  0:38  SCV  
  15  0:39  Barracks  
  16  0:43  Refinery  
  16  0:50  SCV  
  17  1:02  SCV  
  18  1:14  SCV  
  19  1:26  Reaper  
  20  1:33  Orbital Command  
  20  1:42  Command Center  
  20  1:56  Supply Depot  
  20  1:59  Barracks Reactor  
  20  2:00  SCV  
  21  2:13  SCV, Barracks  
  22  2:25  SCV  
  22  2:34  Barracks  
  22  2:35  Marine  
  22  2:36  Marine  
  25  2:37  SCV  
  25  2:45  Engineering Bay  
  25  2:49  SCV  
  26  2:53  Orbital Command  
  26  2:58  Marine  
  27  2:59  Marine  
  27  3:01  SCV  
  27  3:02  Barracks Tech Lab  
  29  3:10  Orbital Command  
  29  3:11  Terran Infantry Weapons Level 1  
  29  3:13  SCV  
  29  3:15  Marine  
  29  3:16  Marine  
  32  3:22  Marine  
  32  3:24  Stimpack  
  32  3:26  Marine  
  34  3:30  SCV  
  34  3:33  Marine  
  36  3:34  Marine  
  36  3:36  SCV  
  36  3:40  Barracks Tech Lab  
  38  3:44  Marine  
  38  3:45  Supply Depot  
  38  3:47  SCV  
  40  3:54  SCV  
  41  3:57  Marine x2  
  41  3:59  SCV  
  43  4:04  Missile Turret  
  43  4:06  Marine x2, SCV  
  43  4:07  Missile Turret  
  43  4:11  SCV  
  43  4:18  SCV  
  43  4:20  Combat Shield  
  43  4:23  SCV  
  45  4:24  Marauder  
  45  4:25  Marine x2  
  45  4:27  Marauder  
  45  4:31  SCV  
  52  4:37  SCV  
  53  4:42  Supply Depot  
  53  4:43  Marine  
  54  4:57  Refinery  
  54  5:00  Supply Depot  
  54  5:03  Marauder x2, Marine x2, SCV x2  
  62  5:09  Factory  
  62  5:10  Refinery  
  62  5:12  Supply Depot  
  62  5:21  Marine x2  
  62  5:22  SCV x2  
  62  5:24  Marine  
  62  5:25  Marine  
  63  5:32  Command Center  
  63  5:34  SCV x2  
  65  5:39  Marine x2  
  65  5:42  Concussive Shells  
  66  5:43  Marauder  
  66  5:46  SCV  
  68  5:50  SCV  
  68  5:58  SCV, Terran Infantry Armor Level 1, Marine x2  
  68  5:59  Marauder  
  68  6:03  SCV  
  74  6:06  Refinery  
  74  6:10  Marauder, SCV  
  77  6:15  Factory Reactor  
  77  6:16  Marine x2  
  77  6:17  Starport  
  78  6:28  Supply Depot  
  78  6:30  Supply Depot  
  78  6:33  Marine x2  
  78  6:34  SCV x2  
  73  6:42  Marine x2, Barracks  
  73  6:45  Barracks  
  75  6:49  Orbital Command  
  75  6:52  Marauder x2  
  77  6:58  SCV  
  78  7:02  Medivac x2  
  78  7:03  Factory Reactor  
  78  7:05  SCV  
  83  7:10  SCV, Missile Turret  
  83  7:12  Marine x2  
  83  7:14  Orbital Command  
  86  7:17  SCV  
  86  7:21  Marauder x2  
  86  7:22  SCV  
  91  7:29  SCV  
  91  7:30  Marine x2  
  91  7:32  Medivac x2  
  91  7:34  SCV  
  98  7:39  Marine  
  98  7:42  Marine x2  
  98  7:43  Marine  
  84  7:51  Widow Mine  
  81  7:52  Marine  
  81  7:53  Marine  
  81  7:56  Marine  
  84  8:00  Marauder x2  
  84  8:01  Marine  
Tags
 
Add a new tag
Caveats
  • Supply blocks, unpowered buildings, or Contaminate may cause inaccurate times.
  • Supply counts are checked every 10 seconds.